 Dungeon Sprint DCSS version 0.30.1-4-g462c640d31 (webtiles) character file.

Game seed: 10573202101463877843

11260 Heoruswealwe the Ninja (level 11, -5/63 HPs)
             Began as a Spriggan Artificer on Aug 30, 2023.
             Was an Initiate of Gozag.
             Killed by divine providence
             ... invoked by a meliai
              (17 damage)
             ... in the Dungeon (Sprint I: "Red Sonja").
             The game lasted 00:27:30 (1237 turns).

Heoruswealwe the Ninja (Spriggan Artificer)         Turns: 1237, Time: 00:27:32

Health: -5/63      AC:  7    Str:  8    XL:     11   Next: 47%
Magic:  12/12      EV: 44    Int: 14    God:    Gozag
Gold:   1177       SH:  0    Dex: 26    Spells: 10/10 levels left

rFire   + . .        a - +2 dagger (venom)
rCold   + . .        (no shield)
rNeg    . . .        c - +2 steam dragon scales
rPois   .            (helmet restricted)
rElec   .            h - scarf {rC+ rF+}
rCorr   .            (gloves unavailable)
SInv    +            (boots unavailable)
Will    +....        (no amulet)
Stlth   ++++++++++   k - ring "Xilianlo" {EV+5 Dex+7}
HPRegen 0.30/turn    j - +5 ring of evasion
MPRegen 0.13/turn

%: no teleportation
@: hasted, very quick
A: very small, no large weapons, unfitting armour, see invisible, speed 3
a: Renounce Religion, Potion Petition, Call Merchant, Bribe Branch


You were in the Dungeon.
You worshipped Gozag.
Gozag was most pleased with you.
You visited 1 branch You collected 4942 gold pieces.
You spent 3733 gold pieces at shops.
You donated 32 gold pieces to Zin.

Inventory:

Hand Weapons
 a - a +2 dagger of venom (weapon)
Armour
 c - +2 steam dragon scales (worn)
 h - a scarf of resistance (worn)
 x - a scarf of repulsion
Jewellery
 j - a +5 ring of evasion (right hand)
 k - the ring "Xilianlo" (left hand) {EV+5 Dex+7}
   (You bought it in a shop in the Dungeon)

   [ring of evasion]

   EV:        It affects your evasion (+5).
   Dex:       It affects your dexterity (+7).
Wands
 b - a wand of flame (5) (quivered)
 d - a wand of charming (15)
 r - a wand of digging (2)
Scrolls
 o - 2 scrolls of enchant armour
 q - a scroll of brand weapon
 s - 2 scrolls of immolation
 t - 4 scrolls of blinking
 u - a scroll of identify
Potions
 e - a potion of invisibility
 f - 2 potions of curing
 m - 2 potions of flight
 n - 4 potions of mutation
 p - a potion of resistance


   Skills:
 + Level 9.8 Fighting
 * Level 16.6 Short Blades
 + Level 15.0 Dodging
 O Level 27 Stealth
 - Level 4.0 Evocations


You had 10 spell levels left.
You didn't know any spells.
Your spell library contained the following spells:

 Spells                   Type           Power      Damage    Failure   Level
 Apportation              Tloc           0%         N/A       28%         1
 Alistair's Intoxication  Tmut/Pois      0%         N/A       100%        5


Dungeon Overview and Level Annotations

Branches:
Dungeon (1/1)

Altars:
Cheibriados
Dithmenos
Elyvilon
Fedhas
Gozag
Hepliaklqana
Kikubaaqudgha
Makhleb
Nemelex Xobeh
Okawaru
Qazlal
Ru
Sif Muna
Trog
Uskayaw
Vehumet
Wu Jian
Xom
Yredelemnul
Zin
The Shining One
Jiyva
Lugonu

Shops:
D !:[!(!=[:*=(=*!?:?[[*


Innate Abilities, Weirdness & Mutations

You are very small and have problems with some larger weapons.
You are too small for most types of armour.
You have supernaturally acute eyesight. (SInv)
You cover ground extremely quickly. (Speed+++)


Message History

Something smites you!
You see here 27 gold pieces.
You now have 1150 gold pieces (gained 27).
The meliai mumbles some strange prayers to its god against you.
Something smites you!
You feel much better.
You see here 27 gold pieces.
You now have 1177 gold pieces (gained 27).
Aiming: Dig
Press: ? - help, Shift-Dir - straight line An iron grate.
Okay, then.
Really walk into a travel-excluded area?
Aiming: Dig
Press: ? - help, Shift-Dir - straight line An iron grate.
The damaged grate falls apart.
The meliai mumbles some strange prayers to its god against you.
Something smites you!
Aiming: Paralyse
Press: ? - help, Shift-Dir - straight line, f - meliai
Aim: a meliai, wielding a +0 hand axe and wearing a +0 leather armour (chance to affect: 59%)
The meliai resists with significant effort.
The now-empty wand crumbles to dust.
The meliai barely misses you. The meliai completely misses you. x3
You hit the meliai but do no damage.
The meliai is poisoned.
The meliai completely misses you. The meliai stings you.
You are poisoned.
The meliai poisons you!
You feel better. The meliai completely misses you. The meliai stings you.
The meliai mumbles some strange prayers to its god against you.
Something smites you!
You feel yourself speed up.
The meliai calls down the wrath of its god upon you.
Something smites you!
* * * LOW HITPOINT WARNING * * *
The meliai invokes the aid of its god against you.
Something smites you!
You die...
Your body crumbles into a pile of gold.

############*********************
_#..'..)#[.#,$$,+,,,,,,+,$*,,+$$$
.'..#...##'#$###*,,,,,**$,+,,*$$$
_####)..+..#$#.###,,,*******+*$$$
##).#####..+$#'#.###+*,,,**,,*$$$
§~§§#..##+####...#.#,**$$$*,,**$$
§~.§+..#....°#..@y.#,,***$*,,~***
§§§§#..#...°°+....$#*,*,*$*,,~,,*
+#####'###○).#.....#,,***$*,,~,**
...###.+.#.°°###++##,**,,$*,,~**,
'###)###.#.○##*,,***,,*+***,,~*,,
...'.∩##.#..#***$$***,,,*,~,,**,,
.#######§##+#$$*,$*$***,*,~,,*,,,
......##§##.#$$$$$$$$$*,***,,*,,,
.......+§####$$$$$$$$$*,*,+,,**,,


You could see a meliai (poisoned).

Vanquished Creatures
  A lorocyproca (D)
  2 centaur warriors (D)
  Sonja (D)
  A deep troll (D)
  8 shining eyes (D)
  An oklob plant (D)
  A gargoyle (D)
  4 demonic crawlers (D)
  2 unseen horrors (D)
  2 kobold demonologists (D)
  A hornet (D)
  Sigmund (D)
  A slime creature (D)
  A yak (D)
  2 redbacks (D)
  6 floating eyes (D)
  An ogre (D)
  7 necrophages (D)
  8 jellies (D)
  Ijyb (D)
  2 ballistomycete spores (D)
54 creatures vanquished.

Notes
Turn   | Place    | Note
-------+----------+-------------------------------------------
     0 | D        | Heoruswealwe the Spriggan Artificer began the quest for the
                  | Orb.
     0 | D        | Reached XP level 1. HP: 9/9 MP: 2/2
     1 | D        | Noticed Ijyb
     3 | D        | Killed Ijyb
     4 | D        | Reached skill level 9 in Stealth
     4 | D        | Reached XP level 2. HP: 14/14 MP: 3/3
    13 | D        | Noticed an ogre
    16 | D        | Killed an ogre
    17 | D        | Reached skill level 13 in Stealth
    17 | D        | Reached XP level 3. HP: 17/17 MP: 4/4
    17 | D        | Reached XP level 4. HP: 21/21 MP: 5/5
    26 | D        | Noticed Sigmund
    29 | D        | Killed Sigmund
    30 | D        | Reached skill level 18 in Stealth
    30 | D        | Reached XP level 5. HP: 25/25 MP: 6/6
    42 | D        | Found an ornate altar of the Wu Jian Council.
    42 | D        | Found a shimmering blue altar of Sif Muna.
    44 | D        | Found a radiant altar of Vehumet.
    49 | D        | Reached skill level 19 in Stealth
    49 | D        | Reached XP level 6. HP: 29/29 MP: 7/7
    72 | D        | Found Ceeczi's Distillery.
    72 | D        | Found an ancient bone altar of Kikubaaqudgha.
    72 | D        | Found a hazy altar of Hepliaklqana.
    72 | D        | Found a stormy altar of Qazlal.
    72 | D        | Found a hide-covered altar of Uskayaw.
    72 | D        | Found a blossoming altar of Fedhas.
    72 | D        | Found a bloodstained altar of Trog.
    72 | D        | Found an iron altar of Okawaru.
    72 | D        | Found a basalt altar of Yredelemnul.
    72 | D        | Found a glowing golden altar of the Shining One.
    72 | D        | Found a snail-covered altar of Cheibriados.
    72 | D        | Found a sacrificial altar of Ru.
    72 | D        | Found a glowing silver altar of Zin.
    72 | D        | Found a shadowy altar of Dithmenos.
    72 | D        | Found a white marble altar of Elyvilon.
    72 | D        | Noticed a yak
    73 | D        | Found an opulent altar of Gozag.
    74 | D        | Killed a yak
    75 | D        | Reached skill level 21 in Stealth
    75 | D        | Found a sparkling altar of Nemelex Xobeh.
    80 | D        | Became a worshipper of Zin the Law-Giver
    80 | D        | Reached * piety under Zin
    80 | D        | Reached ** piety under Zin
    80 | D        | Reached *** piety under Zin
    80 | D        | Reached **** piety under Zin
    80 | D        | Reached ***** piety under Zin
    80 | D        | Reached ****** piety under Zin
    89 | D        | Noticed Sonja
    93 | D        | Killed Sonja
    94 | D        | Reached skill level 24 in Stealth
    94 | D        | Reached XP level 7. HP: 32/32 MP: 8/8
   106 | D        | Noticed a deep troll
   117 | D        | Found Gawoxt's Distillery.
   129 | D        | Noticed a shining eye
   129 | D        | Noticed a shining eye
   129 | D        | Noticed a shining eye
   129 | D        | Noticed a shining eye
   129 | D        | Noticed a shining eye
   129 | D        | Noticed a shining eye
   132 | D        | Reached skill level 25 in Stealth
   132 | D        | Reached XP level 8. HP: 37/37 MP: 9/9
   132 | D        | Noticed a shining eye
   132 | D        | Noticed a shining eye
   134 | D        | Paralysed by a floating eye for 2 turns
   141 | D        | Reached skill level 26 in Stealth
   143 | D        | Paralysed by a floating eye for 4 turns
   150 | D        | Killed a shining eye
   151 | D        | Reached skill level 5 in Dodging
   152 | D        | Killed a shining eye
   153 | D        | Reached skill level 5 in Short Blades
   153 | D        | Reached skill level 27 in Stealth
   153 | D        | Reached XP level 9. HP: 45/45 MP: 10/10
   188 | D        | Killed a shining eye
   193 | D        | Killed a shining eye
   194 | D        | Reached skill level 5 in Fighting
   200 | D        | Killed a shining eye
   204 | D        | Killed a shining eye
   205 | D        | Killed a shining eye
   206 | D        | Reached skill level 10 in Short Blades
   206 | D        | Reached skill level 10 in Dodging
   206 | D        | Reached XP level 10. HP: 53/53 MP: 11/11
   219 | D        | Killed a shining eye
   241 | D        | Fell from the grace of Zin
   241 | D        | Became a worshipper of Gozag Ym Sagoz the Greedy
   253 | D        | Killed a deep troll
   260 | D        | Found Ykhum's Armour Emporium.
   330 | D        | Found Cesux's Antique Weapon Shop.
   330 | D        | Found Wokax's Armour Emporium.
   330 | D        | Found Biplaete's Distillery.
   331 | D        | Found Xojazaw's Book Shoppe.
   394 | D        | Found a burning altar of Makhleb.
   394 | D        | Found a viscous altar of Jiyva.
   394 | D        | Found a shimmering altar of Xom.
   394 | D        | Found a corrupted altar of Lugonu.
   472 | D        | Noticed a centaur warrior
   473 | D        | Noticed a centaur warrior
   476 | D        | Killed a centaur warrior
   478 | D        | Killed a centaur warrior
   524 | D        | Noticed an oklob plant
   526 | D        | Killed an oklob plant
   546 | D        | Reached XP level 11. HP: 60/60 MP: 12/12
   675 | D        | Reached skill level 15 in Short Blades
   749 | D        | Identified the +5 shortbow of Causality {flame, rN+ rCorr}
   755 | D        | Found Ogerues's Antique Armour Shoppe.
   755 | D        | Found Wuuclou's Jewellery Shop.
   755 | D        | Found Jiecuf's Book Boutique.
   761 | D        | Found Naus's Magic Scroll Boutique.
   761 | D        | Found Zips's Assorted Antiques.
   761 | D        | Found Hadeam's Armour Emporium.
   838 | D        | Found Xeomuf's Book Boutique.
   838 | D        | Found Jeinopli's Magic Scroll Shoppe.
   838 | D        | Found Xisiuss's Distillery.
   838 | D        | Found Fusonnuo's Assorted Antiques.
   838 | D        | Found Wabregoh's Jewellery Boutique.
   838 | D        | Found Enezaxtaiwo's Antique Weapon Shoppe.
   838 | D        | Found Rucuut's Jewellery Shop.
   840 | D        | Bought a scroll labelled ITAED VANIQU for 28 gold pieces
   840 | D        | Bought a scroll labelled WUR AMIGUHYE for 28 gold pieces
   840 | D        | Bought a scroll labelled QIASICV ELEA for 28 gold pieces
   840 | D        | Bought a scroll labelled WUR AMIGUHYE for 28 gold pieces
   840 | D        | Bought a moonstone ring for 140 gold pieces
   842 | D        | Found Patos's General Store.
   844 | D        | Bought a scroll of identify for 22 gold pieces
   844 | D        | Bought a scroll of identify for 22 gold pieces
   844 | D        | Bought a scroll of identify for 22 gold pieces
   846 | D        | Bought a knobbly wooden ring for 110 gold pieces
   846 | D        | Bought a blackened steel amulet for 110 gold pieces
   846 | D        | Bought a dark potion for 19 gold pieces
   850 | D        | Bought a scroll of acquirement for 728 gold pieces
   850 | D        | Bought a scroll of identify for 28 gold pieces
   852 | D        | Bought a glowing scarf for 168 gold pieces
   852 | D        | Bought an embroidered scarf for 168 gold pieces
   877 | D        | Acquired 723 gold pieces
   919 | D        | Bought a potion of invisibility for 96 gold pieces
   919 | D        | Bought 2 potions of mutation for 192 gold pieces
   941 | D        | Bought a potion of resistance for 120 gold pieces
   988 | D        | Bought a scroll of blinking for 90 gold pieces
   992 | D        | Bought a potion of mutation for 88 gold pieces
   992 | D        | Bought a potion of mutation for 88 gold pieces
   996 | D        | Bought the ring "Xilianlo" {EV+5 Dex+7} for 577 gold pieces
   997 | D        | Bought +2 steam dragon scales for 728 gold pieces
   997 | D        | Bought a scroll of blinking for 105 gold pieces
  1128 | D        | Noticed a lorocyproca
  1174 | D        | Killed a lorocyproca
  1175 | D        | Reached skill level 15 in Dodging
  1237 | D        | Killed from afar by a meliai

Illustrated notes

Levels and vault maps discovered:
D:        dungeon_sprint_1 [red_sonja_temple_1, red_sonja_temple_small_1]

Skill      XL: |  1  2  3  4  5  6  7  8  9 10 11 |
---------------+----------------------------------+-----
Stealth        | 9 13 18 19 24 25 27 | 27.0
Fighting       | 4 6 8 9 |  9.8
Short Blades   | 5 10 14 16 | 16.6
Dodging        | 7 10 13 15 | 15.0
Evocations     | |  4.0

Action                     |  1- 3 |  4- 6 |  7- 9 | 10-12 || total
---------------------------+-------+-------+-------+-------++-------
  Melee: Dagger            |     1 |     4 |    58 |    83 ||   146
         Punch             |       |       |     1 |       ||     1
  Evoke: Wand              |     2 |       |       |    46 ||    48
    Use: Scroll            |       |       |       |     9 ||     9
         Potion            |       |       |       |     3 ||     3
   Stab: Sleeping          |     1 |     4 |     4 |    20 ||    29
         Paralysed         |       |       |       |     2 ||     2
         Distracted        |       |       |       |     1 ||     1
 Armour: Steam dragon scal |       |       |       |     2 ||     2
         Robe              |       |       |       |     1 ||     1
  Dodge: Dodged            |       |       |       |    76 ||    76
